 Dungeon Crawl Stone Soup version 0.22-a0-553-g9358b0b (webtiles) character file.

130 kae the Insei (level 4, 0/33 HPs)
             Began as a Demonspawn Transmuter on June 25, 2018.
             Succumbed to an adder's poison
             ... on level 3 of the Dungeon.
             The game lasted 00:02:57 (3490 turns).

kae the Insei (Demonspawn Transmuter)               Turns: 3490, Time: 00:02:58

Health: 0/33       AC:  2    Str: 11    XL:     4   Next: 90%
Magic:  1/7        EV: 12    Int: 14    God:
Gold:   160        SH:  0    Dex: 14    Spells: 2/8 levels left

rFire    . . .     SeeInvis .     - Unarmed
rCold    . . .     Gourm    .   (no shield)
rNeg     . . .     Faith    .   b - +0 robe
rPois    .         Spirit   .   (no helmet)
rElec    .         Reflect  .   (no cloak)
rCorr    .         Harm     .   (no gloves)
MR       .....                  (no boots)
Stlth    +.........             (no amulet)
HPRegen  0.11/turn              (no ring)
MPRegen  0.10/turn              (no ring)

@: lethally poisoned (0 -> -4), very slightly contaminated
A: demonic guardian 1, sturdy frame 2
a: no special abilities


You were on level 3 of the Dungeon.
You were hungry.

You visited 1 branch of the dungeon, and saw 3 of its levels.

You collected 160 gold pieces.

Inventory:

Hand Weapons
 e - a +1 club
Missiles
 a - 61 arrows
Armour
 b - a +0 robe (worn)
Jewellery
 g - an uncursed amulet of magic regeneration
Scrolls
 c - a scroll of random uselessness
 j - 2 scrolls of immolation
 k - 3 scrolls of identify
Potions
 h - a potion of flight
Comestibles
 d - 2 rations


   Skills:
 + Level 2.0 Fighting
 - Level 1.7 Dodging
 * Level 3.6 Unarmed Combat
 + Level 2.6 Spellcasting
 * Level 3.0 Transmutations


You had 2 spell levels left.
You knew the following spells:

 Your Spells              Type           Power        Failure   Level  Hunger
a - Beastly Appendage     Tmut           ##....       6%          1    #......
b - Sticks to Snakes      Tmut           ##......     10%         2    ###....
c - Spider Form           Tmut/Pois      #.........   34%         3    ###....

Your spell library contained the following spells:

 Spells                   Type           Power        Failure   Level  Hunger
 Blade Hands              Tmut           ##........   87%         5    ######.
 Ice Form                 Ice/Tmut       #.......     75%         4    #####..


Dungeon Overview and Level Annotations

Branches:
Dungeon (3/15)

Altars:
Elyvilon
Hepliaklqana


Innate Abilities, Weirdness & Mutations

A weak demonic guardian rushes to your aid.
Your movements are less encumbered by armour. (ER -4)


Message History

Your ball python constricts the giant cockroach.
The leopard gecko closely misses you.
The giant cockroach struggles to escape constriction.
Your ball python bites the giant cockroach but does no damage.
Your ball python constricts the giant cockroach.
The giant cockroach struggles to escape constriction.
Your ball python bites the giant cockroach.
Your ball python constricts the giant cockroach.
* * * LOW HITPOINT WARNING * * *
You feel sick.
Your ball python bites the giant cockroach but does no damage.
Your ball python constricts the giant cockroach.
The giant cockroach bites your ball python.
* * * LOW HITPOINT WARNING * * *
You feel sick.
Your ball python bites the giant cockroach but does no damage.
Your ball python constricts the giant cockroach.
The giant cockroach bites your ball python.
Your ball python dies!
You die...

,,,,,,,,,,,,,,,,,**,**,*,*,*
,,,,,,,,,,.......#*,*,,,,*,*
,,,****#.........#*,*,,***,***
...*####..........,,,,,,,,,,,*
...#..............,,,,****,*,*
...#........[....#<*,,,,,,,*,*
...#..........,..#,,,,,,,,,,,*
...#.........#*#.#,,,*,*******
...#.........###@##.#***
..............l.....#
#.#................##
#.#.......†.s......#
#.#######..........# #.#
#..........#
..#######...########
.......##...#######****
.......##..........,,,*


You could see a leopard gecko and a giant cockroach.

Vanquished Creatures
  An adder (D:2)
  2 oozes
  2 worms (D:2)
  A dart slug (D:2)
  3 leopard geckos
  5 orcs
  A ball python (D:1)
  3 bats
  3 giant cockroaches (D:1)
  9 goblins
  10 hobgoblins
  2 jackals (D:1)
  2 quokkas
  3 frilled lizards (D:1)
  5 kobolds
  6 rats
58 creatures vanquished.

Vanquished Creatures (collateral kills)
  A crimson imp (D:3)
  An adder (D:3)
  A kobold (D:3)
3 creatures vanquished.

Grand Total: 61 creatures vanquished

Notes
Turn   | Place    | Note
-------+----------+-------------------------------------------
     0 | D:1      | kae the Demonspawn Transmuter began the quest for the Orb.
     0 | D:1      | Reached XP level 1. HP: 15/15 MP: 3/3
   148 | D:1      | Gained mutation: A weak demonic guardian rushes to your aid. [demonic ancestry]
   148 | D:1      | Reached XP level 2. HP: 11/21 MP: 3/5
   354 | D:1      | HP: 1/21 [hobgoblin/club (1)]
   749 | D:1      | Gained mutation: Your movements are slightly less encumbered by armour. (ER -2) [demonic ancestry]
   749 | D:1      | Reached XP level 3. HP: 15/26 MP: 6/6
  1223 | D:1      | Learned a level 2 spell: Sticks to Snakes
  1227 | D:1      | Learned a level 3 spell: Spider Form
  1736 | D:2      | Found a white marble altar of Elyvilon.
  2421 | D:2      | Found a hazy altar of Hepliaklqana.
  2668 | D:2      | Gained mutation: Your movements are less encumbered by armour. (ER -4) [demonic ancestry]
  2668 | D:2      | Reached XP level 4. HP: 25/33 MP: 7/7
  3488 | D:3      | HP: 1/33 [poisoned by an adder]
  3490 | D:3      | Succumbed to an adder's poison

Vault maps used:
D:1:      onia_arrival_larder, minmay_close_crescents
D:2:      overflow_temple_1_default, elyvilon_altar_5
D:3:      uniq_jessica

Skill      XL: |  1  2  3  4 |
---------------+-------------+-----
Transmutations | 2 3 |  3.0
Unarmed Combat | 3 |  3.6
Fighting       | 2 |  2.0
Dodging        | |  1.7
Spellcasting   | |  2.6

Action                   |  1- 3 |  4- 6 || total
-------------------------+-------+-------++-------
Melee: Unarmed           |   197 |    64 ||   261
       Headbutt          |     6 |       ||     6
       Kick              |     4 |     1 ||     5
       Punch             |     1 |       ||     1
 Cast: Beastly Appendage |    13 |     2 ||    15
       Spider Form       |     1 |     4 ||     5
       Sticks to Snakes  |     1 |     1 ||     2
  Use: Scroll            |       |    10 ||    10
 Stab: Distracted        |     1 |       ||     1
  Eat: Chunk             |     4 |     2 ||     6
       Ration            |     1 |       ||     1
Armor: Robe              |    22 |     5 ||    27
Dodge: Dodged            |   117 |    58 ||   175

Table legend:
 A = Spawn XP
 B = Non-spawn XP
 C = Spawn XP percentage of total XP
 D = Spawn monster count
 E = Non-spawn monster count
 F = Spawn count percentage of total count
 G = Total turns spent on level
                    A         B        C        D         E        F      G
               +---------+---------+-------+---------+---------+-------+---------
         Total |       0 |     187 |   0.0 |       0 |      61 |   0.0 |  3490
               +---------+---------+-------+---------+---------+-------+---------
           D:1 |       0 |      55 |   0.0 |       0 |      33 |   0.0 |  1713
           D:2 |       0 |      51 |   0.0 |       0 |      14 |   0.0 |  1506
           D:3 |       0 |      81 |   0.0 |       0 |      14 |   0.0 |   271
               +---------+---------+-------+---------+---------+-------+---------
